[Event "NJSK 2021 Jeugd B"]
[Site "Almelo, Netherlands"]
[Date "2021.08.04"]
[Round "4.4"]
[White "Shadrin, Mitia"]
[Black "Yeh, Timo"]
[Result "0-1"]
[TimeControl "90min/40moves + 30min + 30sec/move"]
[WhiteElo "1698"]
[BlackElo "1819"]

1. e4 e5 2. Nf3 Nc6 3. d4 exd4 4. Nxd4 Bc5 5. Be3 Qf6 6. Nb5 Bxe3 7. fxe3 Qh4+ 8. g3 Qxe4 9. Nxc7+ Kd8 10.
Nxa8 Qxh1 11. Qd6 Nf6 12. Nd2 Qg1 13. Qc7+ Ke7 14. Qf4 Qxh2 15. O-O-O Qh6 16. Qf2 d5 17. Nc7 Rd8 18. Kb1 Kf8 19.
Be2 a6 20. Rf1 d4 21. Nc4 b5 22. Qg2 Ne7 23. e4 Bh3 24. Nd2 0-1

[Event "NJSK 2021 Jeugd B"]
[Site "Almelo, Netherlands"]
[Date "2021.08.04"]
[Round "4.5"]
[White "Kien, Clovis"]
[Black "Zubair, Saad"]
[Result "1-0"]
[TimeControl "90min/40moves + 30min + 30sec/move"]
[WhiteElo "1683"]
[BlackElo "1645"]

1. d4 d5 2. c4 e6 3. Nf3 Nc6 4. Nc3 Nge7 5. Bf4 Ng6 6. Bg3 a6 7. e3 Be7 8. cxd5 exd5 9. Qb3 Bb4 10.
Bd3 Nge7 11. O-O f6 12. e4 Be6 13. e5 Qd7 14. exf6 gxf6 15. a3 Bxc3 16. bxc3 b6 17. Rfe1 Kf7 18.
Qc2 Bf5 19. Bxf5 Nxf5 20. Bxc7 Nfxd4 21. cxd4 Qxc7 22. Qf5 Qd6 23. Re6 Qd8 24. Rxc6 Kg7 25. Rac1 Ra7 26. Qg4+ Kf7 27. Rc8 Qd7 28.
Qxd7+ Rxd7 29. Rxh8 1-0

[Event "NJSK 2021 Jeugd B"]
[Site "Almelo, Netherlands"]
[Date "2021.08.04"]
[Round "4.6"]
[White "Aarts, Joaquin"]
[Black "Franke, Daniel"]
[Result "1-0"]
[TimeControl "90min/40moves + 30min + 30sec/move"]
[WhiteElo "1736"]
[BlackElo "1554"]

1. d4 d5 2. c4 c6 3. Nf3 Nf6 4. Nc3 e6 5. cxd5 exd5 6. Bg5 Be7 7. e3 Bf5 8. Bd3 Bxd3 9. Qxd3 Nbd7 10.
Qc2 O-O 11. O-O h6 12. Bh4 Re8 13. Rab1 Nb6 14. Nd2 Rc8 15. b4 Qd7 16. a4 Nc4 17. Nxc4 dxc4 18. b5 Nd5 19. Bxe7 Rxe7 20.
bxc6 Qxc6 21. Nxd5 Qxd5 22. Rb5 Qd6 23. Rfb1 Qg6 24. Qxg6 fxg6 25. Rc1 Rec7 26. Rc3 b6 27. Rb4 Kf7 28.
f3 Ke6 29. e4 g5 30. h3 Kd6 31. Kf2 Rc6 32. Ke3 a5 33. Rb5 Rb8 34. e5+ Kd7 35. d5 Rc5 36. Rxc5 bxc5 37. Rxc4 Rb1 38.
Rxc5 Re1+ 39. Kd4 Re2 40. g4 g6 41. Rxa5 h5 42. Ra7+ Kd8 43. e6 h4 44. e7+ Ke8 45. d6 Rd2+ 46.
Ke5 Re2+ 47. Kd5 Rd2+ 48. Kc5 Rc2+ 49. Kb4 Rb2+ 50. Ka3 Rb8 51. a5 Rc8 52. d7+ 1-0

[Event "NJSK 2021 Jeugd B"]
[Site "Almelo, Netherlands"]
[Date "2021.08.04"]
[Round "4.7"]
[White "Wierenga, Jael"]
[Black "Groen, Jari"]
[Result "0-1"]
[TimeControl "90min/40moves + 30min + 30sec/move"]
[WhiteElo "1565"]
[BlackElo "1423"]

1. d4 f5 2. Bf4 Nf6 3. e3 e6 4. Nf3 b6 5. Be2 Bb7 6. h3 Bd6 7. Ne5 O-O 8. Rg1 Nc6 9. Bf3 Ne4 10.
Nd2 Ne7 11. Ndc4 Bxe5 12. Nxe5 d6 13. Nd3 c5 14. c3 c4 15. Nc1 Qc7 16. Ne2 e5 17. Bh2 Rad8 18. Qc2 Ng6 19. g4 Nxf2 20.
Bxb7 Nd3+ 21. Kd2 Qxb7 22. b3 b5 23. bxc4 bxc4 24. Qa4 Qb2+ 25. Qc2 Qxc2+ 26. Kxc2 fxg4 27. Kd2 Nh4 28. Kd1 Nf3 29.
Rh1 Nxh2 30. Rxh2 Rf1+ 0-1

[Event "NJSK 2021 Jeugd B"]
[Site "Almelo, Netherlands"]
[Date "2021.08.04"]
[Round "4.8"]
[White "Arnold, Lorin"]
[Black "Goudriaan, Rafael"]
[Result "1/2-1/2"]
[TimeControl "90min/40moves + 30min + 30sec/move"]
[WhiteElo "1651"]
[BlackElo "1677"]

1. e4 d6 2. Nc3 e5 3. f4 Nd7 4. Nf3 Be7 5. Bc4 c6 6. O-O Ngf6 7. fxe5 dxe5 8. d3 Bc5+ 9. Kh1 O-O 10.
Bg5 Qc7 11. Qe1 h6 12. Bd2 Nh5 13. Ne2 Ndf6 14. Nh4 Ng4 15. Ng3 Nf4 16. Ngf5 Bxf5 17. Nxf5 g6 18. Nh4 Kh7 19. Qg3 h5 20.
Rae1 Qb6 21. Bxf4 exf4 22. Qxf4 Nf2+ 23. Rxf2 Bxf2 24. Nf5 gxf5 1/2-1/2

[Event "NJSK 2021 Jeugd B"]
[Site "Almelo, Netherlands"]
[Date "2021.08.05"]
[Round "5.1"]
[White "Boghossian, Wahe"]
[Black "Slagboom, Leandro"]
[Result "0-1"]
[TimeControl "90min/40moves + 30min + 30sec/move"]
[WhiteElo "1915"]
[BlackElo "1996"]

1. e4 c5 2. Nf3 d6 3.
d4 cxd4 4. Nxd4 Nf6 5. Nc3 a6 6. Bc4 e6 7. O-O b5 8. Bd3 Bb7 9. a3 Be7 10. Be3 O-O 11. g4 Nc6 12. f4 Nxd4 13.
Bxd4 Nd7 14. Qe1 e5 15. Be3 exf4 16. Bxf4 Ne5 17. Qe2 Qd7 18. h3 Rfe8 19. Rad1 Ng6 20. Bg3 Bf6 21. Nxb5 axb5 22.
Bxb5 Bc6 23. Rxd6 Bxb5 24. Rxd7 Bxe2 25. Rf2 Rxe4 26. c3 Rd8 27. Rxd8+ Bxd8 28. Rf5 f6 29. Rd5 Bb6+ 30. Kh2 Bc4 0-1

[Event "NJSK 2021 Jeugd B"]
[Site "Almelo, Netherlands"]
[Date "2021.08.05"]
[Round "5.2"]
[White "Pham, Khoi"]
[Black "Yeh, Timo"]
[Result "1-0"]
[TimeControl "90min/40moves + 30min + 30sec/move"]
[WhiteElo "2128"]
[BlackElo "1819"]

1. d4 d5 2. c4 e6 3. Nc3 Nf6 4. cxd5 exd5 5. Bg5 c6 6. e3 Bd6 7. Bd3 O-O 8. Nge2 Be6 9. Qc2 h6 10.
Bh4 Re8 11. h3 Nbd7 12. O-O Qc7 13. f4 Nf8 14. Bxf6 gxf6 15. Ng3 Bd7 16. Qf2 Ne6 17. Nf5 Ng7 18. Nxh6+ Kf8 19. Rae1 f5 20.
g4 Qc8 21. g5 Bb4 22. Qh4 Bxc3 23. bxc3 Qd8 24. Bxf5 Bxf5 25. Nxf5 Nxf5 26. Qh8+ Ke7 27. Qf6+ Kd7 28. Qxf5+ Kc7 29.
Qxf7+ Re7 30. Qf6 Qd7 31. f5 Rae8 32. Rf3 Rf7 33. Qg6 Rh7 34. Kg2 Rg7 35. Qh5 Qd8 36. f6 Rxg5+ 37. Qxg5 Rg8 38. h4 Rxg5+ 39. hxg5 Qd7 40.
f7 Qg4+ 41. Kf2 Qh4+ 42. Ke2 Qh2+ 43. Rf2 Qh7 44. f8=Q Qc2+ 45. Kf1 1-0

[Event "NJSK 2021 Jeugd B"]
[Site "Almelo, Netherlands"]
[Date "2021.08.05"]
[Round "5.3"]
[White "Kien, Clovis"]
[Black "Achuthan, Dylan"]
[Result "1-0"]
[TimeControl "90min/40moves + 30min + 30sec/move"]
[WhiteElo "1683"]
[BlackElo "1888"]

1. d4 f5 2. Nf3 Nf6 3. c4 d6 4. Nc3 g6 5. e3 Bg7 6. Bd3 O-O 7. O-O Qe8 8. e4 e5 9. dxe5 dxe5 10.
c5 h6 11. Nd5 Nxd5 12. Bc4 f4 13. exd5 Kh8 14. Re1 Nd7 15. b4 g5 16. Bb2 g4 17. Nd4 Nb8 18. Ne6 Bxe6 19. Bxe5 Qg6 20. Bxg7+ Qxg7 21. Rxe6 g3 22. hxg3 fxg3 23.
fxg3 a5 24. Rb1 Nd7 25. Qd2 Nf6 26. Rbe1 Ng4 27. Re7 Qf6 28. Rxc7 Rae8 29. Rf1 Qe5 30. d6 Rxf1+ 31. Bxf1 Rf8 32.
Re7 Qf6 33. Re1 axb4 34. Bb5 Qf5 35. Qd4+ Nf6 36. d7 Rd8 1-0

[Event "NJSK 2021 Jeugd B"]
[Site "Almelo, Netherlands"]
[Date "2021.08.05"]
[Round "5.4"]
[White "Groen, Jari"]
[Black "Aarts, Joaquin"]
[Result "1-0"]
[TimeControl "90min/40moves + 30min + 30sec/move"]
[WhiteElo "1423"]
[BlackElo "1736"]

1. e4 c5 2. Nf3 d6 3. d4 cxd4 4. Nxd4 Nf6 5. Nc3 a6 6. Bg5 e5 7. Nf5 Bxf5 8. exf5 Be7 9. Bxf6 Bxf6 10.
Bc4 Qc7 11. Ne4 Be7 12. Qg4 Qc6 13. Rd1 Nd7 14. Bd5 Qb6 15. Qxg7 O-O-O 16. f6 Rhg8 17. Qxf7 Bxf6 18. Nxf6 Nxf6 19.
Qxf6 Rdf8 20. Qe6+ Kb8 21. O-O Rg6 22. Qh3 Rgf6 23. Qe3 Qc7 24. c4 Rf4 25. g3 R4f6 26. Rd3 Qg7 27. Rb3 1-0

[Event "NJSK 2021 Jeugd B"]
[Site "Almelo, Netherlands"]
[Date "2021.08.05"]
[Round "5.5"]
[White "Boeren, Jurriaan"]
[Black "Shadrin, Mitia"]
[Result "1/2-1/2"]
[TimeControl "90min/40moves + 30min + 30sec/move"]
[WhiteElo "1614"]
[BlackElo "1698"]

1. e4 c5 2. Nf3 g6 3. d4 cxd4 4. Nxd4 Nc6 5. c4 Nf6 6. Nc3 Nxd4 7. Qxd4 d6 8. c5 Bg7 9. Bb5+ Bd7 10. Bxd7+ Qxd7 11. cxd6 Qxd6 12.
Qxd6 exd6 13. Bf4 Ke7 14. f3 a6 15. Ke2 Rhd8 16. Rhd1 Rac8 17. Rac1 b5 18. g4 Ke6 19. a3 Rc5 20.
Be3 Rc4 21. b3 Rxc3 22. Rxc3 Nxe4 23. Rc6 Nc3+ 24. Kd2 Nxd1 25. Kxd1 Ra8 26. Bf4 Be5 27. Bxe5 Kxe5 28. Ke2 Ra7 29.
b4 Kd5 30. Rb6 f5 1/2-1/2

[Event "NJSK 2021 Jeugd B"]
[Site "Almelo, Netherlands"]
[Date "2021.08.05"]
[Round "5.6"]
[White "Van Kuijk, Vadim"]
[Black "Zubair, Saad"]
[Result "1-0"]
[TimeControl "90min/40moves + 30min + 30sec/move"]
[WhiteElo "1722"]
[BlackElo "1645"]

1. e4 c5 2. Nf3 e6 3. d4 cxd4 4. Nxd4 f5 5. exf5 exf5 6. Qf3 Nf6 7. Nxf5 Kf7 8. Bg5 Bb4+ 9. c3 Re8+ 10.
Be2 Bc5 11. O-O d6 12. Bc4+ Kf8 13. Nd2 Nc6 14. Bxf6 Qxf6 15. Ng3 Qxf3 16. Nxf3 h6 17. Rad1 Bg4 18. b4 Bxf3 19. gxf3 Bb6 20. Rxd6 Re7 21. Nf5 Re5 22.
Nh4 Rg5+ 23. Kh1 Ne5 24. Bd5 Bc7 25. f4 Rh5 26. Re6 Ng4 27. Ng6+ Kg8 28. Re5+ Kh7 29. Rxh5 Kxg6 30. Rh3 Bxf4 31.
f3 Ne3 32. Be4+ Kf6 33. Rg1 g5 34. Rxh6+ Ke5 35. h4 g4 36. Rh5+ Ke6 37. c4 g3 38. Bd5+ Kf6 39. Re1 Re8 40.
Be4 g2+ 41. Kg1 b6 42. c5 Rg8 43. c6 Bg3 44. Rc1 Nf1 45. Rg5 Bh2+ 46. Kxg2 Rd8 47. Kxf1 1-0

[Event "NJSK 2021 Jeugd B"]
[Site "Almelo, Netherlands"]
[Date "2021.08.05"]
[Round "5.7"]
[White "Goudriaan, Rafael"]
[Black "Franke, Daniel"]
[Result "1-0"]
[TimeControl "90min/40moves + 30min + 30sec/move"]
[WhiteElo "1677"]
[BlackElo "1554"]

1. d4 Nf6 2. c4 e6 3. g3 d5 4. Bg2 dxc4 5. Nf3 Be7 6. O-O c6 7. Ne5 Nbd7 8. Nxc4 O-O 9. e4 Nb6 10.
b3 Nxc4 11. bxc4 Nd7 12. Ba3 Rb8 13. Bxe7 Qxe7 14. Nd2 b5 15. e5 Bb7 16. a4 b4 17. c5 a5 18. Qb3 Rfd8 19. Rfd1 Ra8 20.
Ne4 Nf8 21. Nd6 Qc7 22. Rac1 Ng6 23. Qf3 Ra6 24. h4 Rf8 25. h5 Ne7 26. h6 f5 27. hxg7 Kxg7 28. Qh5 Ng6 29. f4 h6 30.
Kf2 Raa8 31. Rh1 Rh8 32. Qf3 Ra6 33. Rh5 Qd7 34. Qb3 Ra7 35. Rch1 Ba8 36. Qf3 Rc7 37. g4 fxg4 38. Qxg4 Rf8 39.
Rxh6 Rxf4+ 40. Qxf4 Nxf4 41. Rh7+ Kg8 42. Rh8+ Kg7 43. R1h7+ Kg6 44. Be4+ Kg5 45. Rg8+ 1-0

[Event "NJSK 2021 Jeugd B"]
[Site "Almelo, Netherlands"]
[Date "2021.08.05"]
[Round "5.8"]
[White "Arnold, Lorin"]
[Black "Wierenga, Jael"]
[Result "1/2-1/2"]
[TimeControl "90min/40moves + 30min + 30sec/move"]
[WhiteElo "1651"]
[BlackElo "1565"]

1. b3 d5 2. Bb2 c5 3. f4 Nc6 4. Nf3 Nf6 5. g3 Bf5 6. Bg2 Qd7 7. O-O e6 8. h3 h6 9. d3 Bd6 10.
Nbd2 d4 11. Qe1 Nd5 12. e4 dxe3 13. Nc4 Rg8 14. Nxe3 Nxe3 15. Qxe3 O-O-O 16. Ne5 Nxe5 17. Bxe5 Bxe5 18. Qxe5 Qd4+ 19. Qxd4 cxd4 20. Rac1 Kb8 21. Rfd1 Rc8 22. g4 Bg6 23.
Be4 f5 24. Bf3 Rc3 25. Re1 fxg4 26. Bxg4 Bf5 27. Re5 Bxg4 28. hxg4 Rgc8 29. Rxe6 Rxd3 30. Rg6 Rd2 31. Rxg7 d3 32.
c4 Re8 33. f5 Ree2 34. f6 Rg2+ 35. Kh1 Rh2+ 36. Kg1 Rdg2+ 37. Kf1 Rf2+ 1/2-1/2

[Event "NJSK 2021 Jeugd B"]
[Site "Almelo, Netherlands"]
[Date "2021.08.06"]
[Round "6.1"]
[White "Slagboom, Leandro"]
[Black "Kien, Clovis"]
[Result "1-0"]
[TimeControl "90min/40moves + 30min + 30sec/move"]
[WhiteElo "1996"]
[BlackElo "1683"]

1. c4 Nf6 2. Nc3 g6 3. g3 Bg7 4. Bg2 O-O 5. d4 d6 6. Nf3 Nc6 7. O-O e5 8. dxe5 dxe5 9. Bg5 Be6 10.
Qc1 Bxc4 11. Nd2 Ba6 12. Nde4 Nd4 13. Re1 c6 14. e3 Ne6 15. Bxf6 Bxf6 16. Rd1 Nd4 17. exd4 exd4 18. Nxf6+ Qxf6 19.
Ne4 Qg7 20. Nc5 Rac8 21. Nxa6 bxa6 22. Qc5 Rfd8 23. Rd3 f5 24. Rad1 Re8 25. Rxd4 1-0

[Event "NJSK 2021 Jeugd B"]
[Site "Almelo, Netherlands"]
[Date "2021.08.06"]
[Round "6.2"]
[White "Groen, Jari"]
[Black "Pham, Khoi"]
[Result "0-1"]
[TimeControl "90min/40moves + 30min + 30sec/move"]
[WhiteElo "1423"]
[BlackElo "2128"]

1. e4 c5 2. Nf3 d6 3. d4 cxd4 4. Nxd4 Nf6 5. Nc3 a6 6. Bg5 Nbd7 7. f4 Qc7 8. Qf3 h6 9. Bxf6 Nxf6 10.
f5 Qc5 11. O-O-O g5 12. e5 Qxe5 13. g3 g4 14. Qf2 h5 15. Re1 Qc5 16. Bg2 Bg7 17. Rd1 O-O 18. Rhe1 Re8 19. Kb1 Bd7 20.
Bxb7 Rab8 21. Qg2 Qb6 22. Nc6 Rxb7 0-1

[Event "NJSK 2021 Jeugd B"]
[Site "Almelo, Netherlands"]
[Date "2021.08.06"]
[Round "6.3"]
[White "Achuthan, Dylan"]
[Black "Van Kuijk, Vadim"]
[Result "1-0"]
[TimeControl "90min/40moves + 30min + 30sec/move"]
[WhiteElo "1888"]
[BlackElo "1722"]

1. e4 c6 2. d4 d5 3. e5 Bf5 4. h4 h5 5. Bg5 Qb6 6. Bd3 Bxd3 7. Qxd3 e6 8. Nd2 Nd7 9. Ngf3 c5 10.
c4 Ne7 11. Bxe7 Bxe7 12. cxd5 exd5 13. O-O c4 14. Qe3 O-O 15. Rfe1 Rac8 16. Rab1 a5 17. Nf1 Rc6 18. Ng3 Re8 19.
Nxh5 Rh6 20. Nf4 Qc6 21. g3 b5 22. Ng5 Nf8 23. Qf3 Rd8 24. e6 fxe6 25. Nfxe6 Bxg5 26. Nxg5 Rf6 27. Qg4 Qb6 28.
h5 Qa7 29. Re5 Nh7 30. Ne6 Rd7 31. Rbe1 Rdf7 32. R1e2 Qd7 33. f4 Re7 34. f5 Ref7 35. Qf3 Qa7 36. Qxd5 Rd7 37. Qc5 Qa8 38.
d5 Qb8 39. g4 1-0

[Event "NJSK 2021 Jeugd B"]
[Site "Almelo, Netherlands"]
[Date "2021.08.06"]
[Round "6.4"]
[White "Boeren, Jurriaan"]
[Black "Boghossian, Wahe"]
[Result "0-1"]
[TimeControl "90min/40moves + 30min + 30sec/move"]
[WhiteElo "1614"]
[BlackElo "1915"]

1. e4 c5 2. Nf3 d6 3. d4 cxd4 4. Nxd4 Nf6 5. Nc3 g6 6. Be3 Bg7 7. f3 O-O 8. Qd2 Nc6 9. Bc4 Bd7 10.
O-O-O Rb8 11. Kb1 Nxd4 12. Bxd4 b5 13. Bb3 a5 14. Nd5 Nxd5 15. Bxg7 Kxg7 16. Bxd5 Qb6 17. e5 dxe5 18. Bxf7 Bf5 19.
Bd5 Rbc8 20. Be4 Bxe4 21. fxe4 Rf2 22. Qd7 Qc5 23. c3 Rxb2+ 24. Kxb2 Qxc3+ 25. Kb1 Qb4+ 26. Ka1 Rc2 0-1

[Event "NJSK 2021 Jeugd B"]
[Site "Almelo, Netherlands"]
[Date "2021.08.06"]
[Round "6.5"]
[White "Yeh, Timo"]
[Black "Aarts, Joaquin"]
[Result "1/2-1/2"]
[TimeControl "90min/40moves + 30min + 30sec/move"]
[WhiteElo "1819"]
[BlackElo "1736"]

1. c4 Nf6 2. Nf3 e6 3. g3 b6 4. Bg2 Bb7 5. O-O Be7 6. d4 c5 7. Nc3 cxd4 8. Nxd4 Bxg2 9. Kxg2 Qc8 10.
Qd3 Nc6 11. Nxc6 Qxc6+ 12. Kg1 a6 13. b3 O-O 14. Bb2 Rac8 15. Rfd1 Rfd8 16. e4 d6 17. Ba3 b5 18. Qe3 bxc4 19.
bxc4 Qxc4 20. Rac1 Kf8 21. e5 Ng4 22. exd6 Nxe3 23. dxe7+ Ke8 24. Rxd8+ Rxd8 25. exd8=Q+ Kxd8 26. fxe3 Qg4 27. Kg2 Qg5 28. Rd1+ Ke8 29. Ne4 Qg4 30. Nd6+ Ke7 31.
Nb7+ Kf6 32. Rf1+ Kg6 33. Nd6 Qe2+ 34. Rf2 Qxe3 35. Bb2 f6 36. h4 Qc5 37. h5+ Kxh5 38. Nf7 Qd5+ 39. Kh3 Qh1+ 40.
Rh2 Qf1+ 41. Rg2 Qh1+ 42. Rh2 Qf1+ 1/2-1/2

[Event "NJSK 2021 Jeugd B"]
[Site "Almelo, Netherlands"]
[Date "2021.08.06"]
[Round "6.6"]
[White "Shadrin, Mitia"]
[Black "Goudriaan, Rafael"]
[Result "0-1"]
[TimeControl "90min/40moves + 30min + 30sec/move"]
[WhiteElo "1698"]
[BlackElo "1677"]

1. e4 d5 2. exd5 Qxd5 3. Nc3 Qa5 4.
d4 Nf6 5. Nf3 Bg4 6. Bd2 c6 7. Bc4 e6 8. O-O Qc7 9. Re1 Be7 10. h3 Bh5 11. Bb3 O-O 12. Bg5 Rd8 13. g4 Bg6 14.
Ne5 Nbd7 15. Nxg6 hxg6 16. Qf3 c5 17. dxc5 Nxc5 18. Bf4 Qb6 19. Be3 Qc7 20. Nb5 Qa5 21. Nd4 e5 22. Ne2 e4 23.
Qg2 Nxb3 24. axb3 Qe5 25. Nc3 Bb4 26. Rxa7 Bxc3 27. Rxa8 Rxa8 28. bxc3 Qxc3 29. Rc1 Qe5 30. c3 Nd5 31.
Bd4 Qf4 32. Re1 Re8 33. c4 Nb4 34. Bc3 Nd3 35. Re3 Ra8 36. Qf1 Ra2 37. Be1 Ne5 0-1

[Event "NJSK 2021 Jeugd B"]
[Site "Almelo, Netherlands"]
[Date "2021.08.06"]
[Round "6.7"]
[White "Zubair, Saad"]
[Black "Arnold, Lorin"]
[Result "1-0"]
[TimeControl "90min/40moves + 30min + 30sec/move"]
[WhiteElo "1645"]
[BlackElo "1651"]

1. d4 d5 2. c4 e6 3. Nc3 f5 4. Bf4 Nf6 5. e3 c6 6. Bd3 Bd6 7. Nge2 O-O 8. c5 Bc7 9. f3 Nbd7 10.
Bxc7 Qxc7 11. f4 Ne4 12. Bxe4 fxe4 13. Qd2 Nf6 14. h3 b6 15. cxb6 axb6 16. O-O Ba6 17. Rf2 c5 18. Kh1 Rfe8 19. Rg1 Bxe2 20. Qxe2 cxd4 21. exd4 Qf7 22. g4 h5 23.
g5 Nd7 24. g6 Qf5 25. Kh2 h4 26. Nb5 Red8 27. Rg5 Qf6 28. Nc3 Qxd4 29. Rh5 Qf6 30. f5 exf5 31. Nxd5 Qe5+ 32. Kh1 Qxd5 33.
Rfxf5 Qd4 34. Rh8+ Kxh8 35. Qh5+ Kg8 36. Qh7# 1-0

[Event "NJSK 2021 Jeugd B"]
[Site "Almelo, Netherlands"]
[Date "2021.08.06"]
[Round "6.8"]
[White "Franke, Daniel"]
[Black "Wierenga, Jael"]
[Result "1-0"]
[TimeControl "90min/40moves + 30min + 30sec/move"]
[WhiteElo "1554"]
[BlackElo "1565"]

1. d4 Nf6 2. c4 e6 3. Nf3 d5 4.
Nc3 Be7 5. Bf4 a6 6. e3 O-O 7. cxd5 exd5 8. Bd3 Be6 9. O-O Nbd7 10. Qc2 h6 11. Rfc1 Rc8 12. Na4 c5 13. Nxc5 Nxc5 14.
dxc5 Bxc5 15. Qd2 Qe7 16. a3 Ne4 17. Qe2 Bb6 18. Nd4 g5 19. Bg3 Qf6 20. Nxe6 Qxe6 21. Re1 Rfe8 22. Rad1 Rc6 23.
Bxe4 dxe4 24. h3 Rec8 25. Rd2 Qb3 26. Red1 Ba5 27. Rd5 Bc7 28. Bxc7 R8xc7 29. R1d2 Qa2 30. R5d4 Qe6 31. Qg4 f5 32.
Qg3 Kg7 33. h4 g4 34. Qf4 Qf6 35. g3 Re7 36. Rd6 Re6 37. Rd7+ Kg6 38. Qb8 b5 39. Qg8+ Kh5 40. R2d5 b4 41.
Rf7 Rc8 42. Rxf5+ 1-0

[Event "NJSK 2021 Jeugd B"]
[Site "Almelo, Netherlands"]
[Date "2021.08.07"]
[Round "7.1"]
[White "Achuthan, Dylan"]
[Black "Slagboom, Leandro"]
[Result "1/2-1/2"]
[TimeControl "90min/40moves + 30min + 30sec/move"]
[WhiteElo "1888"]
[BlackElo "1996"]

1. e4 c5 2. Nf3 d6 3. Bc4 Nf6 4. Qe2 a6 5. a4 e6 6. c3 d5 7. exd5 Nxd5 8. O-O Be7 9. Rd1 Nc6 10.
d4 O-O 11. Na3 cxd4 12. Nxd4 Qc7 13. Nac2 Nxd4 14. Nxd4 Nf6 15. a5 Re8 16. Bg5 Bd7 17. Bb3 Nd5 18. Bxe7 Nxe7 19. Qe4 1/2-1/2

[Event "NJSK 2021 Jeugd B"]
[Site "Almelo, Netherlands"]
[Date "2021.08.07"]
[Round "7.2"]
[White "Boghossian, Wahe"]
[Black "Kien, Clovis"]
[Result "1/2-1/2"]
[TimeControl "90min/40moves + 30min + 30sec/move"]
[WhiteElo "1915"]
[BlackElo "1683"]

1. e4 c5 2. Nf3 Nc6 3. Bc4 g6 4. d4 cxd4 5. Nxd4 Bg7 6. Be3 d6 7. Nc3 Nf6 8. f3 O-O 9. Qd2 a6 10.
O-O Bd7 11. Nxc6 Bxc6 12. a4 Nd7 13. Bd4 Ne5 14. Bb3 b5 15. axb5 Bxb5 16. Nxb5 axb5 17. f4 Nc6 18. Bxg7 Qb6+ 19.
Qf2 Qxf2+ 20. Kxf2 Kxg7 21. Rad1 Na5 22. Bd5 Rac8 23. c3 Nc4 24. Bxc4 bxc4 25. Rd4 Rc5 26. Ke3 Rb8 27. Rb1 Rbb5 28.
g3 Kf6 29. h4 h5 30. Rd2 Ra5 31.
Rd4 Ra2 32. Kd2 Ke6 33. Kc2 f6 1/2-1/2

[Event "NJSK 2021 Jeugd B"]
[Site "Almelo, Netherlands"]
[Date "2021.08.07"]
[Round "7.3"]
[White "Goudriaan, Rafael"]
[Black "Yeh, Timo"]
[Result "0-1"]
[TimeControl "90min/40moves + 30min + 30sec/move"]
[WhiteElo "1677"]
[BlackElo "1819"]

1. d4 d5 2. c4 e6 3. g3 Nf6 4. Bg2 Bb4+ 5. Bd2 Be7 6. Nf3 c6 7. Qc2 O-O 8. O-O Ne4 9. Nc3 f5 10.
e3 Nd7 11. Ne1 b6 12. f3 Nxd2 13. Qxd2 Ba6 14. b3 dxc4 15. bxc4 Bxc4 16. Nd3 Nf6 17. Rfc1 Bxd3 18. Qxd3 Qd7 19.
Ne2 Rac8 20. e4 Rfd8 21. Qb3 Kh8 22. Kh1 c5 23. Nf4 cxd4 24. Nxe6 Rxc1+ 25. Rxc1 Rc8 26. Rd1 d3 27. Ng5 h6 28.
Nf7+ Kh7 29. Ne5 Qd4 30. Nxd3 fxe4 31. fxe4 Rc3 32. Qb5 Bc5 33. e5 Ng4 34. Qc6 Rc4 35. Rf1 Qxd3 36. Bh3 Nf2+ 37.
Kg2 Nxh3 0-1

[Event "NJSK 2021 Jeugd B"]
[Site "Almelo, Netherlands"]
[Date "2021.08.07"]
[Round "7.4"]
[White "Van Kuijk, Vadim"]
[Black "Groen, Jari"]
[Result "1-0"]
[TimeControl "90min/40moves + 30min + 30sec/move"]
[WhiteElo "1722"]
[BlackElo "1423"]

1. d4 Nf6 2. c4 e6 3. g3 d5 4.
Nc3 Be7 5. Bg2 O-O 6. Nf3 dxc4 7. Qa4 Bd7 8. Qxc4 Bc6 9.
O-O Nbd7 10. Re1 Nb6 11. Qd3 Nfd5 12. e4 Nxc3 13. bxc3 a6 14. h4 Bb5 15. Qb1 c5 16. e5 Bc6 17.
Ng5 Bxg5 18. Bxg5 Qc7 19. Bxc6 Qxc6 20. Re4 Nd5 21. Qd3 c4 22. Qc2 Nxc3 23. Rf4 Nd5 24. Kh2 Nxf4 25. gxf4 f6 26.
exf6 gxf6 27. Bh6 Rf7 28. Rg1+ Kh8 29. Qc3 Rg8 30. Rxg8+ Kxg8 31. Qg3+ Kh8 32. f5 Qe8 33. fxe6 Re7 34.
d5 Qg8 35. Qxg8+ Kxg8 36. Kg3 b5 37. Kf4 Rg7 38. Bxg7 Kxg7 39. d6 Kf8 40. Kf5 c3 41. Kxf6 Ke8 42. e7 c2 43. Ke6 1-0

[Event "NJSK 2021 Jeugd B"]
[Site "Almelo, Netherlands"]
[Date "2021.08.07"]
[Round "7.5"]
[White "Aarts, Joaquin"]
[Black "Shadrin, Mitia"]
[Result "0-1"]
[TimeControl "90min/40moves + 30min + 30sec/move"]
[WhiteElo "1736"]
[BlackElo "1698"]

1. d4 d5 2. c4 e6 3. Nf3 Nf6 4. Nc3 c6 5. cxd5 exd5 6. Bg5 Be7 7. Qc2 h6 8. Bh4 O-O 9. e3 Bg4 10. Ne5 Bh5 11. Bd3 Nbd7 12. Nxd7 Nxd7 13. Bxe7 Qxe7 14. O-O Qg5 15. Ne2 Bxe2 16. Bxe2 f5 17. g3 Rae8 18. h4 Qf6 19.
Qd3 g5 20. hxg5 hxg5 21. Kg2 Re7 22. f4 g4 23. Rae1 Qe6 24. Bd1 Nf6 25. Bc2 Ne4 26. Qd1 Rff7 27. Rh1 Rh7 28. Rxh7 Rxh7 29.
Rh1 Rxh1 30. Qxh1 Nxg3 31. Kxg3 Qxe3+ 32. Kh4 Qxf4 33. Qe1 Kf7 34. Qa5 Kg6 0-1

[Event "NJSK 2021 Jeugd B"]
[Site "Almelo, Netherlands"]
[Date "2021.08.07"]
[Round "7.6"]
[White "Franke, Daniel"]
[Black "Boeren, Jurriaan"]
[Result "0-1"]
[TimeControl "90min/40moves + 30min + 30sec/move"]
[WhiteElo "1554"]
[BlackElo "1614"]

1. d4 d5 2. c4 e6 3. Nf3 c6 4.
Nc3 dxc4 5. a4 Bb4 6. e3 b5 7. Bd2 a5 8. axb5 Bxc3 9. Bxc3 cxb5 10. b3 Bb7 11. bxc4 b4 12. Bb2 Nf6 13. Bd3 O-O 14. Qc2 Nbd7 15. e4 e5 16. O-O Qc7 17. Nxe5 Nxe5 18. dxe5 Ng4 19. h3 Nxe5 20. f4 Nxd3 21.
Qxd3 Rfd8 22. Qg3 Qb6+ 23. Kh2 Qg6 24. Qxg6 hxg6 25. Rfe1 Rd2 26. Be5 f6 27. Bc7 a4 28. Rab1 b3 29.
Bb6 f5 30. Be3 Rc2 31. Bc1 Bxe4 32. Rg1 Re2 0-1

[Event "NJSK 2021 Jeugd B"]
[Site "Almelo, Netherlands"]
[Date "2021.08.07"]
[Round "7.7"]
[White "Wierenga, Jael"]
[Black "Zubair, Saad"]
[Result "1-0"]
[TimeControl "90min/40moves + 30min + 30sec/move"]
[WhiteElo "1565"]
[BlackElo "1645"]

1. d4 d5 2. Bf4 c5 3. e3 cxd4 4. exd4 Nc6 5. Nf3 Bg4 6. Be2 f6 7. O-O Qd7 8. Re1 a6 9. Nbd2 Qf5 10.
Bg3 Nh6 11. c4 dxc4 12. Nxc4 Rd8 13. Ne3 Qe4 14. Nxg4 Qxg4 15. Qa4 Qd7 16. Rad1 Nf7 17. Qb3 b5 18. a4 b4 19. Bxa6 1-0